 Dungeon Crawl Stone Soup version 0.20.1-1-g8b1a95d (webtiles) character file.

5585 Ijustatesigmund the Slicer (level 11, -2/69 HPs)
             Began as a Kobold Assassin on Sept 14, 2017.
             Was a Priest of Cheibriados.
             Slain by a centaur warrior zombie (7 damage)
             ... on level 9 of the Dungeon.
             The game lasted 00:34:44 (12401 turns).

Ijustatesigmund the Slicer (Kobold Assassin)       Turns: 12401, Time: 00:34:45

Health: -2/69      AC: 13    Str: 20    XL:     11   Next: 2%
Magic:  14/16      EV: 18    Int: 29    God:    Cheibriados [***...]
Gold:   268        SH:  0    Dex: 24    Spells: 10/10 levels left

rFire    . . .     SeeInvis .   f - +1 dagger (holy)
rCold    . . .     Gourm    .   (shield restricted)
rNeg     . . .     Faith    .   I - +0 ring mail of Melancholy {Str+4 Int+7 Dex-3}
rPois    +         Spirit   .   (no helmet)
rElec    .         Reflect  .   d - +0 cloak
rCorr    .         Harm     .   t - +1 pair of gloves
MR       .....                  C - +2 pair of boots
Stlth    ++++......             (no amulet)
Regen    0.3/turn               G - ring of poison resistance
MPRegen  0.2/turn               (no ring)

@: about to teleport, very slow
A: yellow scales 1, carnivore 3, mutation resistance 1
a: Bend Time, Temporal Distortion, Renounce Religion


You were on level 9 of the Dungeon.
You worshipped Cheibriados.
Cheibriados was most pleased with you.
You were completely stuffed.

You visited 2 branches of the dungeon, and saw 10 of its levels.
You also visited: Sewer.

You collected 664 gold pieces.
You spent 396 gold pieces at shops.

Inventory:

Hand Weapons
 a - a +2 dagger
 b - a +0 blowgun
 f - a +1 dagger of holy wrath (weapon)
 w - a +0 rapier of venom
Missiles
 e - 6 poisoned needles
Armour
 c - a +0 leather armour of poison resistance
 d - a +0 cloak (worn)
 t - a +1 pair of gloves (worn)
 C - a +2 pair of boots (worn)
 I - the +0 ring mail of Melancholy (worn) {Str+4 Int+7 Dex-3}
   (You found it on level 9 of the Dungeon)

   It affects your strength (+4).
   It affects your intelligence (+7).
   It affects your dexterity (-3).
Jewellery
 G - a ring of poison resistance (left hand)
Wands
 k - a wand of iceblast (10/15)
 u - a wand of flame (5/48)
 y - a wand of lightning (9/15)
 z - a wand of acid (4/15)
 B - a wand of disintegration (9/24)
 F - a wand of polymorph (4/24)
Scrolls
 i - 4 scrolls of teleportation
 m - 2 scrolls of remove curse
 n - 2 scrolls of recharging
 o - a scroll of amnesia
 s - 3 scrolls of identify
 D - a scroll of immolation {unknown}
 E - a scroll of acquirement {unknown}
 H - 3 scrolls of noise {unknown}
Potions
 h - 2 potions of flight
 l - 4 potions of mutation
 p - a potion of lignification
 q - a potion of agility
 r - a potion of invisibility
 v - a potion of cancellation
 x - 2 potions of brilliance
 A - 3 potions of curing
Comestibles
 g - 3 meat rations
 j - 4 royal jellies


   Skills:
 + Level 8.9 Fighting
 + Level 10.5 Short Blades
 - Level 2.1 Throwing
 - Level 2.6 Armour
 + Level 5.3 Dodging
 - Level 8.0 Stealth
 + Level 6.8 Invocations
 - Level 6.6 Evocations


You had 10 spell levels left.
You didn't know any spells.

Dungeon Overview and Level Annotations

Branches:
Dungeon (9/15)             Temple (1/1) D:5
   Lair: D:8-11         Orc: D:9-12

Altars:
Ashenzari
Cheibriados
Dithmenos
Elyvilon
Fedhas
Gozag
Hepliaklqana
Kikubaaqudgha
Makhleb
Nemelex Xobeh
Okawaru
Qazlal
Ru
Sif Muna
Trog
Uskayaw
Vehumet
Xom
Yredelemnul
Zin
The Shining One
Jiyva

Shops:
D:7 (   D:8 *


Innate Abilities, Weirdness & Mutations

You are small and have problems with some larger weapons.
You are carnivorous and can eat meat at any time.
You are partially covered in yellow scales. (AC +2)
You are somewhat resistant to further mutation.


Message History

The hellwing is almost dead.
You hit the hellwing but do no damage.
The hellwing is almost dead.
The hellwing misses you. The hellwing completely misses you.
The centaur warrior zombie closely misses you.
As you read the scroll of teleportation, it crumbles to dust.
You feel strangely unstable.
The centaur warrior zombie is no longer moving slowly.
The hellwing hits you.
* * * LOW HITPOINT WARNING * * *
The hellwing closely misses you.
The centaur warrior zombie barely misses you.
You hit the hellwing but do no damage.
The hellwing is almost dead.
You hit the hellwing but do no damage.
The hellwing is almost dead.
The hellwing misses you. The hellwing hits you.
* * * LOW HITPOINT WARNING * * *
The centaur warrior zombie hits you!
You die...

...........
......##### #.
#.# .. ......#
#.# #.#####.#
......# #.#
#.#......
......# #.#
#....P...
......### ###.#
#...8....
......... ...#
#........
#######.#
#.#####Z.......
# #.#
#..4@ZZ5....8..
# #.#
#.####Z5P...$∩$
# #.# #.#
##...8...[
#######.#####.#
#..P.....
..............#
#........
#####.#######.#
#....P... # #.#
#.# #.....P.. #
#.# #.#
#.#...... # #.#
#.#


You could see a hellwing, 2 shadow imps, a wyvern zombie, a centaur warrior
zombie and 2 centaur warrior skeletons.

Vanquished Creatures
  Pikel (D:6)
  The ghost of Chisa the Destroyer, a novice DsCj of Yredelemnul (D:7)
  The ghost of ThereIsNoGod the Covert, a novice OpAs (D:5)
  2 hippogriffs (D:9)
  A hungry ghost (D:8)
  A steam dragon (D:8)
  Menkaure (D:7)
  A water moccasin (D:8)
  Purgy (Sewer)
  A slave (D:6)
  2 sky beasts
  An orc warrior (D:8)
  A black bear (D:7)
  4 ice beasts
  2 phantoms
  3 ogres
  4 centaurs
  A big kobold (D:8)
  2 bullfrogs
  A wyvern zombie (D:9)
  2 scorpions
  4 killer bees (D:8)
  3 wights (D:8)
  5 crimson imps
  A quasit (D:9)
  3 jellies
  4 orc priests
  3 hounds
  Jessica (D:3)
  An iguana (D:6)
  Ijyb (D:3)
  11 orc wizards
  7 worker ants
  A hound skeleton (D:6)
  Robin (D:3)
  A howler monkey skeleton (D:6)
  3 gnolls (D:4)
  12 adders
  A river rat (D:4)
  2 shadow imps
  An ooze (D:3)
  3 worms
  2 dart slugs
  5 leopard geckos
  56 orcs
  A ball python (D:3)
  8 giant cockroaches
  8 hobgoblins
  4 jackals
  5 quokkas
  3 bats
  5 frilled lizards
  14 goblins
  9 kobolds
  3 leopard gecko skeletons (D:4)
  A leopard gecko zombie (D:5)
  13 rats
240 creatures vanquished.

Vanquished Creatures (others)
  A slave (D:6)
  A centaur (D:6)
  A hound (Temple)
  An orc (D:6)
  A withered plant (D:9)
5 creatures vanquished.

Grand Total: 245 creatures vanquished

Notes
Turn   | Place    | Note
-------+----------+-------------------------------------------
     0 | D:1      | Ijustatesigmund the Kobold Assassin began the quest for the Orb.
     0 | D:1      | Reached XP level 1. HP: 12/12 MP: 1/1
    79 | D:1      | Reached skill level 3 in Short Blades
   270 | D:1      | Reached XP level 2. HP: 17/18 MP: 2/2
   761 | D:2      | Reached XP level 3. HP: 20/23 MP: 3/3
   957 | D:2      | Reached skill level 4 in Short Blades
  1172 | D:2      | Found a sparkling altar of Nemelex Xobeh.
  1331 | D:2      | Found a glowing silver altar of Zin.
  1379 | D:2      | Reached XP level 4. HP: 25/28 MP: 4/4
  1747 | D:3      | Noticed Ijyb
  1811 | D:3      | Killed Ijyb
  1838 | D:3      | Reached skill level 1 in Armour
  1856 | D:3      | Reached XP level 5. HP: 10/32 MP: 5/5
  1988 | D:3      | Found a glowing golden altar of the Shining One.
  1988 | D:3      | Found an ancient bone altar of Kikubaaqudgha.
  1989 | D:3      | Found a basalt altar of Yredelemnul.
  2094 | D:3      | Noticed Robin
  2117 | D:3      | Killed Robin
  2128 | D:3      | Noticed Jessica
  2142 | D:3      | Reached skill level 5 in Short Blades
  2150 | D:3      | Killed Jessica
  2592 | D:3      | Gained mutation: You are somewhat resistant to further mutation. [potion of mutation]
  2592 | D:3      | Gained mutation: You are partially covered in yellow scales. (AC +2) [potion of mutation]
  2734 | D:3      | Reached XP level 6. HP: 29/38 MP: 6/6
  3770 | D:4      | Found a glowing drain.
  3867 | Sewer    | Entered a sewer
  3874 | Sewer    | Noticed Purgy
  3907 | Sewer    | Killed Purgy
  3907 | Sewer    | Reached skill level 6 in Short Blades
  3907 | Sewer    | Reached XP level 7. HP: 25/44 MP: 7/7
  4333 | D:4      | Found an iron altar of Okawaru.
  5406 | D:3      | Reached skill level 5 in Fighting
  6301 | D:5      | Entered Level 5 of the Dungeon
  6439 | D:5      | Reached skill level 7 in Short Blades
  6439 | D:5      | Reached XP level 8. HP: 50/50 MP: 8/8
  6480 | D:5      | Found a staircase to the Ecumenical Temple.
  6508 | Temple   | Entered the Ecumenical Temple
  6855 | D:5      | Noticed ThereIsNoGod's ghost (novice OpAs)
  6987 | D:5      | Found an opulent altar of Gozag.
  6990 | D:5      | Found a hide-covered altar of Uskayaw.
  6990 | D:5      | Found a sacrificial altar of Ru.
  6991 | D:5      | Found a radiant altar of Vehumet.
  6992 | D:5      | Found an iron altar of Okawaru.
  6994 | D:5      | Found a blossoming altar of Fedhas.
  6996 | D:5      | Found a stormy altar of Qazlal.
  7065 | Temple   | Became a worshipper of Cheibriados the Contemplative
  7166 | D:5      | Killed ThereIsNoGod's ghost
  7166 | D:5      | Reached skill level 1 in Invocations
  7428 | D:6      | Reached skill level 8 in Short Blades
  7575 | D:6      | Reached XP level 9. HP: 53/56 MP: 10/10
  7945 | D:6      | Reached skill level 1 in Evocations
  7959 | D:6      | Reached * piety under Cheibriados
  8300 | D:6      | Noticed Pikel
  8329 | D:6      | Killed Pikel
  8617 | D:7      | Noticed Chisa's ghost (novice DsCj)
  8650 | D:8      | Found Gate's General Store.
  8953 | D:8      | Reached XP level 10. HP: 50/63 MP: 14/14
  9295 | D:7      | Killed Chisa's ghost
  9295 | D:7      | Reached skill level 9 in Short Blades
  9474 | D:7      | Found Pewiump's Antique Weapon Emporium.
  9525 | D:7      | Noticed Menkaure
  9537 | D:7      | Killed Menkaure
  9929 | D:7      | Bought a glowing short sword for 216 gold pieces
  9934 | D:7      | Bought a glowing dagger for 180 gold pieces
 10047 | D:7      | Reached skill level 5 in Invocations
 10383 | D:8      | Reached ** piety under Cheibriados
 11326 | D:8      | Reached skill level 10 in Short Blades
 11523 | D:8      | Found a white marble altar of Elyvilon.
 11560 | D:8      | Reached *** piety under Cheibriados
 11875 | D:9      | Reached skill level 5 in Dodging
 12168 | D:9      | Reached XP level 11. HP: 65/69 MP: 14/16
 12182 | D:9      | Got an ichor-stained ring mail
 12193 | D:9      | Identified the +0 ring mail of Melancholy {Str+4 Int+7 Dex-3} (You found it on level 9 of the Dungeon)
 12401 | D:9      | Slain by a centaur warrior zombie

Skill      XL: |  1  2  3  4  5  6  7  8  9 10 |
---------------+-------------------------------+-----
Short Blades   | 3 4 5 6 7 8 10 | 10.5
Fighting       | 3 4 5 6 7 8 |  8.9
Armour         | 1 2 |  2.6
Stealth        | 6 7 8 |  8.0
Dodging        | 3 5 |  5.3
Invocations    | 2 3 6 |  6.8
Evocations     | 6 |  6.6
Throwing       | |  2.1

Action                   |  1- 3 |  4- 6 |  7- 9 | 10-12 || total
-------------------------+-------+-------+-------+-------++-------
Melee: Dagger            |   111 |   528 |   258 |    17 ||   914
       Rapier            |       |       |   235 |   394 ||   629
 Fire: Blowgun           |       |    11 |    10 |       ||    21
Invok: Bend Time         |       |       |       |     1 ||     1
Evoke: Wand              |       |       |     6 |     2 ||     8
  Use: Scroll            |     6 |     6 |     9 |     7 ||    28
       Potion            |     1 |     3 |     3 |     3 ||    10
 Stab: Distracted        |       |     1 |     3 |     4 ||     8
       Sleeping          |       |       |    13 |     2 ||    15
  Eat: Chunk             |     5 |    14 |    14 |     9 ||    42
       Meat ration       |       |       |       |     1 ||     1
Armor: Chain mail        |    51 |   269 |    20 |       ||   340
       Leather armour    |       |       |   155 |    99 ||   254
       Ring mail         |       |       |       |    11 ||    11
Dodge: Dodged            |    30 |    81 |   332 |   271 ||   714
